 Dungeon Crawl Stone Soup version 0.29.1-13-g9f3cf754e1 (webtiles) character file.

Game seed: 5931128303231246351

26 Thatpatchoflichen the Trooper (level 3, -1/40 HPs)
             Began as an Ogre Monk on Feb 3, 2023.
             Slain by a gnoll
             ... wielding a +0 whip
             ... led by a gnoll bouda
              (3 damage)
             ... on level 4 of the Dungeon.
             The game lasted 00:02:30 (1170 turns).

Thatpatchoflichen the Trooper (Ogre Monk)           Turns: 1170, Time: 00:02:30

Health: -1/40      AC:  3    Str: 15    XL:     3   Next: 8%
Magic:  3/3        EV: 10    Int: 11    God:
Gold:   27         SH:  0    Dex: 13    Spells: 2/2 levels left

rFire   . . .      SeeInvis .   a - +0 mace
rCold   . . .      Faith    .   (no shield)
rNeg    . . .      Spirit   .   b - +0 robe
rPois   .          Reflect  .   (helmet restricted)
rElec   .          Harm     .   (no cloak)
rCorr   .          Rampage  .   (gloves unavailable)
Will    .....                   (boots unavailable)
Stlth   ++........              e - amulet of the acrobat
HPRegen 0.13/turn               (no ring)
MPRegen 0.08/turn               (no ring)

@: weakened
A: large, unfitting armour, tough skin 1
a: no special abilities


You were on level 4 of the Dungeon.
You visited 1 branch of the dungeon, and saw 4 of its levels.

You collected 27 gold pieces.

Inventory:

Hand Weapons
 a - a +0 mace (weapon)
Missiles
 h - 4 poisoned darts (quivered)
Armour
 b - a +0 robe (worn)
Jewellery
 e - an amulet of the acrobat (around neck)
Scrolls
 d - a scroll of identify {unknown}
 g - a scroll of teleportation {unknown}
 i - a scroll of vulnerability {unknown}
Potions
 c - a potion of ambrosia
 f - a potion of curing {unknown}


   Skills:
 + Level 4.4 Fighting
 + Level 3.0 Maces & Flails
 + Level 3.0 Dodging
 + Level 1.8 Stealth


You had 2 spell levels left.
You didn't know any spells.
Your spell library contained the following spells:

 Spells                   Type           Power      Damage    Failure   Level
 Call Canine Familiar     Summ           0%         N/A       71%         3
 Conjure Flame            Conj/Fire      0%         6-21      71%         3
 Ignite Poison            Fire/Tmut/Pois 0%         N/A       71%         3
 Portal Projectile        Hex/Tloc       0%         N/A       71%         3
 Leda's Liquefaction      Hex/Erth       0%         N/A       98%         4
 Sticky Flame             Conj/Fire      0%         2d3       98%         4


Dungeon Overview and Level Annotations

Branches:
Dungeon (4/15)
 Temple: D:4-7

Altars:
Cheibriados


Innate Abilities, Weirdness & Mutations

You are too large for most types of armour.
You have tough skin. (AC +1)


Message History

The jackal completely misses you. x2
You climb downwards.
There is a stone staircase leading up here.
You barely miss the jackal.
The jackal is heavily wounded.
The jackal barely misses you.
You barely miss the jackal.
The jackal is heavily wounded.
The jackal bites you but does no damage.
The jackal misses you.
You hit the jackal but do no damage.
The jackal is heavily wounded.
The jackal barely misses you. The jackal bites you.
You thump the jackal!
You kill the jackal!
You see here a jackal corpse.
There is a stone staircase leading up, spattered with blood here.
You climb upwards.
The gnoll hits you with a +0 club.
The gnoll bouda barks out a call to the hunt!
The gnolls pick up the pace!
The gnoll hits you with a +0 club. The gnoll barely misses you.
The gnoll bouda gazes fiercely through you!
You feel your attacks grow feeble.
There is a stone staircase leading down here.
The gnoll hits you with a +0 whip. The gnoll hits you with a +0 club!
You climb downwards.
There is a stone staircase leading up, spattered with blood here.
You closely miss the gnoll. The gnoll hits you with a +0 whip.
The gnoll hits you with a +0 club.
You closely miss the gnoll. The gnoll hits you but does no damage.
The gnoll hits you with a +0 whip!
* * * LOW HITPOINT WARNING * * *
You hit the gnoll.
The gnoll is lightly wounded.
The gnoll misses you. The gnoll hits you with a +0 club.
* * * LOW HITPOINT WARNING * * *
You hit the gnoll.
The gnoll is severely wounded.
The gnoll closely misses you. The gnoll hits you with a +0 whip.
You die...

###
#..
#.#
#g#
#@#
#g#
#....#
#.####
#


You could see 2 gnolls.

Vanquished Creatures
  A dart slug (D:3)
  4 endoplasms (D:1)
  A giant cockroach (D:1)
  4 goblins
  4 hobgoblins
  A jackal (D:4)
  4 ball pythons (D:1)
  A kobold (D:2)
  A rat (D:1)
21 creatures vanquished.

Notes
Turn   | Place    | Note
-------+----------+-------------------------------------------
     0 | D:1      | Thatpatchoflichen the Ogre Monk began the quest for the
                  | Orb.
     0 | D:1      | Reached XP level 1. HP: 24/24 MP: 1/1
   150 | D:1      | Reached XP level 2. HP: 32/32 MP: 2/2
   154 | D:1      | Found a faded altar of an unknown god.
  1052 | D:2      | Found a snail-covered altar of Cheibriados.
  1052 | D:2      | You fall into a shaft and drop 1 floor!
  1094 | D:3      | Reached XP level 3. HP: 36/40 MP: 3/3
  1169 | D:4      | HP: 2/40 [gnoll/+0 club[a gnoll bouda] (4)]
  1170 | D:4      | Slain by a gnoll

Illustrated notes

Levels and vault maps discovered:
D:1:      pf_arrival_petrified_forest, layout_loops_ring, basic_ecumenical_altar
D:2:      layout_basic, basic_altar
D:3:      layout_basic, kennysheep_generic_room_13, uniq_robin, uniq_sigmund
D:4:      layout_loops_ring, nicolae_overflow_crystal_walls,
          minmay_temple_entry_mini_moons, serial_shops, shop, minivault_11,
          hangedman_glass_teeth

Skill      XL: |  1  2 |
---------------+-------+-----
Maces & Flails | 3 |  3.0
Dodging        | 3 |  3.0
Fighting       | |  4.4
Stealth        | |  1.8

Action                   || total
-------------------------++-------
Melee: Mace              ||    66
 Stab: Sleeping          ||     2
Armor: Robe              ||    16
Dodge: Dodged            ||    55
